 Dungeon Crawl Stone Soup version 0.18-a0-1040-g4865665 (webtiles) character file.

520 Reinor the Poker (level 7, -4/55 HPs)
             Began as a Centaur Gladiator on Jan 10, 2016.
             Killed by nerve-wracking pain
             ... invoked by Grinder
              (6 damage)
             ... on level 5 of the Dungeon.
             The game lasted 00:16:39 (3741 turns).

Reinor the Poker (Centaur Gladiator)                Turns: 3741, Time: 00:16:41

Health: -4/55      AC:  7    Str: 20    XL:     7   Next: 1%
Magic:  7/7        EV:  9    Int:  7    God:
Gold:   130        SH:  0    Dex:  9    Spells: 1 memorised, 1 level left

rFire  + . .     SeeInvis .     l - +1 spear (freeze)
rCold  x . .     Gourm    +     b - +0 leather armour
rNeg   . . .     Faith    .     (no shield)
rPois  .         Spirit   .     c - +1 helmet
rElec  .         Dismiss  .     (no cloak)
rCorr  .         Reflect  .     k - +0 pair of gloves
SustAt .         Harm     .     (no barding)
MR     .....                    s - amulet of the gourmand
Stlth  ..........               (no ring)
                                w - ring of fire

@: lethally poisoned (-4 -> -16), very quick, not resistant to hostile
enchantments, extremely unstealthy
A: hooves 3, deformed body, speed 2, tough skin 3
a: no special abilities


You were on level 5 of the Dungeon.
You were very full.

You visited 1 branch of the dungeon, and saw 5 of its levels.

You collected 130 gold pieces.

Inventory:

Hand Weapons
 a - a +0 trident
 e - a +0 halberd
 l - a +1 spear of freezing (weapon)
Missiles
 d - 3 throwing nets (quivered)
 n - 7 needles of sleeping
Armour
 b - a +0 leather armour (worn)
 c - a +1 helmet (worn)
 k - a +0 pair of gloves (worn)
Jewellery
 s - an amulet of the gourmand (around neck)
 w - a ring of fire (left hand)
Scrolls
 m - 3 scrolls of teleportation
 o - a scroll of blinking
 q - a scroll of identify
 u - a scroll of remove curse
Potions
 i - a potion of haste
 j - 2 potions of might
 p - a potion of poison
 r - a potion of heal wounds {unknown}
 v - 2 potions of curing {unknown}
Books
 x - a book of Ice

   Spells                             Type                      Level
   a - Ice Form                       Ice/Transmutation            4
   b - Metabolic Englaciation         Hexes/Ice                    5
   c - Ozocubu's Refrigeration        Ice                          6
   d - Bolt of Cold                   Conjuration/Ice              6
   e - Freezing Cloud                 Conjuration/Ice/Air          6
   f - Simulacrum                     Ice/Necromancy               6
Comestibles
 f - 3 bread rations
 g - a beef jerky
 h - 4 meat rations


   Skills:
 - Level 2.0 Fighting
 + Level 7.3 Polearms
 - Level 2.1 Throwing
 - Level 2.1 Dodging


You had one spell level left.
You knew the following spells:

 Your Spells              Type           Power        Failure   Level  Hunger
a - Metabolic Englaciati  Hex/Ice        #.........   100%        5    ######.


Dungeon Overview and Level Annotations

Branches:
Dungeon (5/15)
 Temple: D:4-7

Altars:
Ashenzari
Cheibriados
Nemelex Xobeh
Xom

Annotations:
D:4 Reinor's ghost, novice CeGl
D:5 Grinder


Innate Abilities, Weirdness & Mutations

You have hooves in place of feet.
Armour fits poorly on your strangely shaped body.
You cover ground very quickly.
You have extremely tough skin (AC +3).


Message History

Grinder hits you.
* * * LOW HITPOINT WARNING * * *
You writhe in agony.
* * * LOW HITPOINT WARNING * * *
Grinder gestures at you.
You struggle to resist.
You can move again.
Attack whom?
Press: ? - help, Dir - move target cursor, f/p - Grinder
Aim: Grinder (heavily wounded)
Okay, then.
Drink which item? (? for menu, Esc to quit)
It was a potion of poison.
That liquid tasted very nasty...
You are lethally poisoned!
* * * LOW HITPOINT WARNING * * *
You feel sick. Grinder gestures at you. Pain shoots through your body!
You die...

######
#########...%#
#....#..#....#
#....'..).%..#
#...##+##)..%#
#...# #....# #...#
#)...# ##.5# #....#
## #.@# #....# ..
#..# #....# .? #..#
#....# .. #..#
#....#####).
#..##..##......ยง.#
.................#
.......####......+
..####. #......# #
#..######


You could see Grinder.

Vanquished Creatures
  An ogre (D:3)
  A scorpion (D:4)
  2 hounds (D:3)
  2 orc wizards
  A centaur skeleton (D:4)
  2 worker ants
  3 gnolls (D:3)
  8 adders
  An ooze (D:1)
  A worm (D:2)
  2 giant geckos
  10 orcs
  2 ball pythons (D:3)
  7 bats
  5 giant cockroaches
  5 goblins
  4 hobgoblins
  5 jackals
  2 quokkas
  A giant gecko skeleton (D:4)
  7 giant newts
  2 jackal skeletons
  5 kobolds
  6 rats
85 creatures vanquished.

Notes
Turn   | Place    | Note
--------------------------------------------------------------
     0 | D:1      | Reinor the Centaur Gladiator began the quest for the Orb.
     0 | D:1      | Reached XP level 1. HP: 17/17 MP: 1/1
    20 | D:1      | Reached skill level 3 in Polearms
    70 | D:1      | Reached XP level 2. HP: 18/24 MP: 2/2
   508 | D:2      | Reached XP level 3. HP: 7/29 MP: 3/3
   887 | D:2      | Reached skill level 4 in Polearms
  1219 | D:2      | Reached XP level 4. HP: 22/36 MP: 4/4
  1632 | D:3      | Noticed an ogre
  1642 | D:3      | Killed an ogre
  1642 | D:3      | Reached skill level 5 in Polearms
  1642 | D:3      | Reached XP level 5. HP: 6/41 MP: 5/5
  2023 | D:3      | Reached skill level 6 in Polearms
  2317 | D:4      | Reached XP level 6. HP: 40/48 MP: 6/6
  2319 | D:4      | Noticed Reinor's ghost (novice CeGl)
  3143 | D:4      | Found a sparkling altar of Nemelex Xobeh.
  3214 | D:4      | Reached skill level 7 in Polearms
  3259 | D:4      | Found a snail-covered altar of Cheibriados.
  3406 | D:4      | Learned a level 5 spell: Metabolic Englaciation
  3444 | D:4      | Found a sparkling altar of Nemelex Xobeh.
  3445 | D:4      | Found a shimmering altar of Xom.
  3447 | D:4      | Found a shattered altar of Ashenzari.
  3617 | D:5      | Entered Level 5 of the Dungeon
  3659 | D:5      | Noticed Grinder
  3668 | D:5      | Reached XP level 7. HP: 30/55 MP: 7/7
  3717 | D:5      | Paralysed by Grinder for 2 turns
  3724 | D:5      | Paralysed by Grinder for 3 turns
  3734 | D:5      | Paralysed by Grinder for 6 turns
  3741 | D:5      | HP: 2/55 [poison (a potion of poison)]
  3741 | D:5      | Killed from afar by Grinder

Vault maps used:
D:1:      matt_arrival_grand_opening
D:2:      first_bread
D:3:      st_stairs_5
D:4:      grunt_temple_overflow_open, grunt_decor_mini_mirrors,
          nemelex_spade_bored_becter
D:5:      corexii_shack_village, nicolae_ossuary_entry_false_entrances,
          serial_shops, shop, uniq_grinder

Action                   |  1- 3 |  4- 6 |  7- 9 || total
-------------------------+-------+-------+-------++-------
Melee: Trident           |    70 |       |       ||    70
       Spear             |    42 |   191 |    22 ||   255
  Use: Scroll            |     6 |     5 |     1 ||    12
       Potion            |       |       |     1 ||     1
  Eat: Chunk             |       |    17 |       ||    17
